 Dungeon Crawl Stone Soup version 0.29-a0-322-g68df515428 (webtiles) character file.

Game seed: 2655600462230879711

3742 Murumi the Covert (level 9, -1/54 HPs)
             Began as a Vampire Enchanter on Apr 9, 2022.
             Hit by a javelin thrown by a centaur (12 damage)
             ... in a bailey.
             The game lasted 00:25:50 (8502 turns).

Murumi the Covert (Vampire Enchanter)               Turns: 8502, Time: 00:25:50

Health: -1/54      AC:  3    Str: 13    XL:     9   Next: 93%
Magic:  11/15      EV: 17    Int: 18    God:
Gold:   407        SH:  0    Dex: 18    Spells: 5/16 levels left

rFire   . . .      SeeInvis +   n - +3 dagger (venom)
rCold   + + +      Faith    .   (no shield)
rNeg    + + +      Spirit   .   g - +1 robe {rC+}
rPois   ∞          Reflect  .   (no helmet)
rElec   .          Harm     .   (no cloak)
rCorr   .          Rampage  .   (no gloves)
Will    .....                   (no boots)
Stlth   +++++++...              (no amulet)
HPRegen 0.00/turn               e - +6 ring of strength
MPRegen 0.14/turn               d - +4 ring of evasion

@: bloodless, inhibited regen
A: bloodless, fangs 3, see invisible, vampiric 2
a: Bat Form, Revivify


You were in a bailey.
You visited 2 branches of the dungeon, and saw 9 of its levels.
You also visited: Bailey.

You collected 517 gold pieces.
You spent 110 gold pieces at shops.

Inventory:

Hand Weapons
 b - a +2 dagger of speed
 n - a +3 dagger of venom (weapon)
Missiles
 s - 2 throwing nets
Armour
 g - a +1 robe of cold resistance (worn)
Jewellery
 d - a +4 ring of evasion (right hand)
 e - a +6 ring of strength (left hand)
Wands
 j - a wand of paralysis (14)
 l - a wand of digging (6)
 r - a wand of mindburst (16)
Scrolls
 f - 2 scrolls of enchant armour
 h - 3 scrolls of teleportation
Potions
 a - a potion of mutation {unknown}
 c - a potion of invisibility
 i - 4 potions of curing {unknown}
 m - 4 potions of ambrosia
 o - a potion of haste {unknown}
 p - a potion of heal wounds
 q - 3 potions of flight {unknown}


   Skills:
 - Level 5.0 Fighting
 - Level 7.0 Short Blades
 - Level 2.0 Armour
 - Level 3.0 Dodging
 - Level 12.0 Stealth
 + Level 4.0 Spellcasting
 - Level 1.0 Conjurations
 - Level 10.0 Hexes
 - Level 2.0 Ice Magic
 - Level 2.0 Evocations


You had 5 spell levels left.
You knew the following spells:

 Your Spells              Type           Power      Damage    Failure   Level
a - Ensorcelled Hibernat  Hex/Ice        50%        N/A       1%          2
b - Confusing Touch       Hex            39%        N/A       1%          3
c - Tukima's Dance        Hex            39%        N/A       1%          3
d - Dazzling Flash        Conj/Hex       46%        N/A       4%          3

Your spell library contained the following spells:

 Spells                   Type           Power      Damage    Failure   Level
 Anguish                  Hex/Necr       10%        N/A       19%         4
 Scorch                   Fire           6%         2d5       22%         2
 Gell's Gravitas          Tloc           3%         N/A       41%         3
 Lesser Beckoning         Tloc           3%         N/A       41%         3
 Spider Form              Tmut/Pois      3%         N/A       41%         3
 Teleport Other           Tloc           3%         N/A       41%         3
 Summon Mana Viper        Hex/Summ       21%        N/A       45%         5
 Summon Ice Beast         Ice/Summ       7%         N/A       67%         4
 Flame Wave               Conj/Fire      5%         2d5       75%         4
 Summon Cactus Giant      Summ           1%         N/A       100%        6
 Monstrous Menagerie      Summ           1%         N/A       100%        7


Dungeon Overview and Level Annotations

Branches:
Dungeon (8/15)             Temple (1/1) D:5            Lair (0/6) D:8
 Bailey (1/1)

Altars:
Ashenzari
Cheibriados
Dithmenos
Elyvilon
Fedhas
Gozag
Hepliaklqana
Nemelex Xobeh
Qazlal
Ru
Sif Muna
Trog
Uskayaw
Wu Jian
Xom
Yredelemnul
Zin
The Shining One

Shops:
D:2 *


Innate Abilities, Weirdness & Mutations

You do not regenerate when monsters are visible.
You are frail without blood (-20% HP).
You can heal yourself when you bite living creatures.
You are immune to poison.
You have razor-sharp teeth.
You have supernaturally acute eyesight. (SInv)
You are afflicted with vampirism and can become a bat while bloodless.


Message History

You hear a shout!
The centaur throws a javelin.
The javelin pierces through you!
The orc warrior hits you from afar with a +0 trident!
* * * LOW HITPOINT WARNING * * *
The centaur throws a javelin.
The javelin closely misses you.
The helpless centaur fails to defend itself.
You bite the centaur, and draw its blood!
You feel better.
You stick the centaur like a pincushion!!!!
You kill the centaur!
The orc warrior hits you from afar with a +0 trident.
The orc warrior hits you with a +0 trident!
* * * LOW HITPOINT WARNING * * *
Casting: Ensorcelled Hibernation (safe; 1% risk of failure)
Confirm with . or Enter, or press ? or * to list all spells.
Aiming: Ensorcelled Hibernation (safe; 1% risk of failure)
Press: ? - help, Shift-Dir - straight line, f - orc warrior
Aim: an orc warrior, wielding a +0 trident and wearing a +0 ring mail (chance to affect: 56%)
Your target is gone.
Okay, then.
Casting: Ensorcelled Hibernation (safe; 1% risk of failure)
Confirm with . or Enter, or press ? or * to list all spells.
Aiming: Ensorcelled Hibernation (safe; 1% risk of failure)
Press: ? - help, Shift-Dir - straight line, f - orc warrior
Aim: an orc warrior, wielding a +0 trident and wearing a +0 ring mail (chance to affect: 56%)
The orc warrior looks drowsy...
The centaur throws a javelin.
The javelin barely misses you. The orc warrior completely misses you.
The helpless orc warrior fails to defend itself.
You bite the orc warrior, and draw its blood!
You feel better.
You perforate the orc warrior like a sieve!!!!
You kill the orc warrior!
Training target 5.0 for Fighting reached!
Your Fighting skill increases to level 5!
You need to enable at least one skill for training.
The centaur shouts!
The orc warrior hits you with a +0 halberd.
* * * LOW HITPOINT WARNING * * *
The centaur throws a javelin.
The javelin pierces through you!
You die...

≈≈.≈.....≈≈≈.....≈.≈≈≈≈#
≈.≈≈.⌠.)≈≈≈≈≈..⌠.≈≈.≈≈≈#
≈.≈.....≈≈≈≈≈.....≈.≈≈≈#
.≈≈....≈≈≈≈≈≈≈....≈≈.≈≈#
.≈.....≈≈≈≈≈≈≈.....≈.≈≈#
c≈.....≈≈≈?≈≈≈.....≈.≈≈#
.≈....)≈≈≈)≈≈≈.....≈.≈≈#
.≈.....≈≈≈}≈≈≈.....≈c≈≈#
.≈.....≈≈≈≈≈≈≈..@.)≈o≈≈#
.≈≈....≈≈≈≈≈≈≈.o..≈≈c≈≈#
≈.≈....o≈≈≈≈≈.....≈c≈≈≈#
≈.≈≈.⌠..≈≈≈≈≈..⌠.≈≈.≈≈≈#
≈≈.≈.....≈≈≈c....≈.≈≈≈≈#
≈≈.≈≈≈.........≈≈≈.≈≈≈≈#
....≈≈≈..≈≈≈≈≈#
≈.≈≈≈..≈≈≈≈≈≈≈#


You could see 2 orc warriors and 4 centaurs.

Vanquished Creatures
  Pikel (D:7)
  A steam dragon (D:7)
  An ice beast (D:7)
  A black bear (D:4)
  10 orc warriors
  3 sky beasts
  An ogre (D:7)
  7 centaurs
  A phantom (D:5)
  A lemure (D:7)
  2 bullfrogs
  A scorpion (D:6)
  2 hounds
  An iron imp (D:6)
  4 orc priests
  A gnoll shaman (D:7)
  A jelly (D:6)
  Jessica (D:2)
  9 orc wizards
  Terence (D:2)
  5 iguanas
  8 gnolls (D:7)
  2 white imps
  3 dart slugs
  34 orcs
  9 endoplasms
  A giant cockroach (D:3)
  7 goblins
  8 hobgoblins
  3 jackals (D:1)
  3 quokkas
  5 ball pythons
  4 bats
  6 frilled lizards
  5 kobolds
  5 rats
158 creatures vanquished.

Notes
Turn   | Place    | Note
-------+----------+-------------------------------------------
     0 | D:1      | Murumi the Vampire Enchanter began the quest for the Orb.
     0 | D:1      | Reached XP level 1. HP: 13/13 MP: 3/3
    85 | D:1      | Found a faded altar of an unknown god.
   386 | D:1      | Reached skill level 5 in Stealth
   477 | D:1      | Reached XP level 2. HP: 15/15 MP: 5/5
   480 | D:1      | Learned a level 2 spell: Ensorcelled Hibernation
   991 | D:1      | Reached skill level 5 in Hexes
  1060 | D:2      | Found Wequatoy's General Store.
  1280 | D:2      | Gained mutation: You are afflicted with vampirism and can
                  | become a bat while bloodless. [Vampire growth]
  1280 | D:2      | Reached XP level 3. HP: 19/19 MP: 1/6
  1404 | D:2      | Noticed Terence
  1443 | D:2      | Killed Terence
  1444 | D:2      | Reached skill level 1 in Fighting
  1448 | D:2      | Learned a level 3 spell: Confusing Touch
  1694 | D:2      | Bought a scroll of identify for 20 gold pieces
  1798 | D:2      | Bought a wand of paralysis (7) for 90 gold pieces
  1914 | D:2      | Reached skill level 1 in Ice Magic
  2210 | D:2      | Noticed Jessica
  2218 | D:2      | Killed Jessica
  2219 | D:2      | Reached XP level 4. HP: 26/26 MP: 2/7
  2514 | D:3      | Reached skill level 1 in Evocations
  2542 | D:2      | Reached XP level 5. HP: 26/30 MP: 1/8
  2958 | D:3      | Noticed a centaur
  2960 | D:3      | Killed a centaur
  2961 | D:3      | Reached skill level 6 in Stealth
  2961 | D:3      | Reached skill level 1 in Armour
  3634 | D:4      | Noticed a black bear
  3642 | D:4      | Killed a black bear
  3643 | D:4      | Reached skill level 7 in Stealth
  3643 | D:4      | Reached XP level 6. HP: 35/35 MP: 0/9
  4012 | D:4      | Identified the +9 spear of Day {vorpal, Stlth+}
  4160 | D:4      | Reached skill level 8 in Stealth
  4181 | D:4      | HP: 1/35 [orc wizard/+0 dagger (1)]
  4183 | D:4      | Reached XP level 7. HP: 8/40 MP: 4/10
  4389 | D:4      | Learned a level 3 spell: Tukima's Dance
  4468 | D:5      | Entered Level 5 of the Dungeon
  5095 | D:5      | Found a staircase to the Ecumenical Temple.
  5104 | Temple   | Entered the Ecumenical Temple
  5582 | D:6      | Reached skill level 9 in Stealth
  5587 | D:6      | Reached XP level 8. HP: 46/46 MP: 9/12
  5870 | D:6      | Reached skill level 5 in Short Blades
  5977 | D:6      | Found a shadowy altar of Dithmenos.
  6095 | D:6      | Found a snail-covered altar of Cheibriados.
  6196 | D:6      | Found a shimmering altar of Xom.
  6212 | D:6      | Reached skill level 10 in Stealth
  6278 | D:6      | Found a basalt altar of Yredelemnul.
  6281 | D:6      | Found a shimmering blue altar of Sif Muna.
  6293 | D:6      | Found a hide-covered altar of Uskayaw.
  6741 | D:7      | Noticed Pikel
  6748 | D:7      | Killed Pikel
  6749 | D:7      | Reached XP level 9. HP: 52/52 MP: 15/15
  6871 | D:7      | Reached skill level 11 in Stealth
  6875 | D:7      | Learned a level 3 spell: Dazzling Flash
  6900 | D:7      | Reached skill level 1 in Conjurations
  7022 | D:7      | Found a hazy altar of Hepliaklqana.
  7250 | D:8      | Found a flagged portal.
  7309 | Bailey   | Entered a bailey
  7377 | Bailey   | Reached skill level 10 in Hexes
  8061 | Bailey   | Reached skill level 12 in Stealth
  8502 | Bailey   | Reached skill level 5 in Fighting
  8502 | Bailey   | Hit by a javelin thrown by a centaur

Illustrated notes

Levels and vault maps discovered:
D:1:      dpeg_arrival_rhombi, layout_loops_corners,
          chequers_ecumenical_altar_simple_redux, nicolae_figureground_sparkle
D:2:      layout_loops_corners, serial_shops, nicolae_shop_stone, uniq_jessica,
          uniq_terence
D:3:      layout_basic
D:4:      kennysheep_spiral_hall, layout_cave_pools
D:5:      layout_layer_cave, minmay_temple_entry_stoned_glass,
          chequers_serial_rivers_micro_d
D:6:      layout_cave_pools, minmay_overflow_temple_star_hex,
          grunt_dithmenos_smoke, slow_altar_2
D:7:      layout_loops_cross, mainiacjoe_overflow_surrounded_room,
          serial_park_tiny_2, minmay_statues_item, uniq_pikel
D:8:      layout_loops_corners, kiku_gazebo_pond_becter,
          makhleb_blood_cavern_becter, dpeg_lair_monsters, serial_shops,
          kennysheep_mini_moat, nicolae_square_shop, enter_bailey_5,
          dk_noncrumbling_2, minmay_between
Temple:   eino_wide_crystal_templ
Bailey:   bailey_polearm_flooded_kennysheep, bailey

Skill      XL: |  1  2  3  4  5  6  7  8  9 |
---------------+----------------------------+-----
Stealth        | 5 7 8 9 10 12 | 12.0
Short Blades   | 2 3 4 6 7 |  7.0
Hexes          | 5 6 8 9 10 | 10.0
Dodging        | 3 |  3.0
Fighting       | 1 2 3 4 5 |  5.0
Ice Magic      | 1 2 |  2.0
Evocations     | 1 2 |  2.0
Armour         | 1 2 |  2.0
Spellcasting   | 3 4 |  4.0
Conjurations   | 1 |  1.0

Action                   |  1- 3 |  4- 6 |  7- 9 || total
-------------------------+-------+-------+-------++-------
Melee: Dagger            |    66 |    75 |   137 ||   278
       Punch             |     2 |       |     2 ||     4
       Bite              |     3 |     3 |     7 ||    13
 Cast: Ensorcelled Hiber |    15 |    23 |    73 ||   111
       Confusing Touch   |       |       |     2 ||     2
 Abil: Exsanguinate      |     1 |       |       ||     1
Evoke: Wand              |       |     1 |       ||     1
  Use: Scroll            |     7 |       |     4 ||    11
       Potion            |       |     2 |     1 ||     3
 Stab: Sleeping          |    26 |    31 |    66 ||   123
       Paralysed         |       |     1 |       ||     1
       Invisible         |       |     1 |     3 ||     4
       Distracted        |       |       |     2 ||     2
       Confused          |       |       |     1 ||     1
Armor: Robe              |    14 |     6 |    13 ||    33
Dodge: Dodged            |    45 |    55 |   168 ||   268

Table legend: (Time is in decaauts)
 A = Elapsed time spent in this place.
 B = Non-inter-level travel time spent in this place.
 C = Inter-level travel time spent in this place.
 D = Time resting spent in this place.
 E = Time spent auto-exploring this place.
 F = Levels seen in this place.
 G = Mean time per level.
                   A        B        C        D        E       F      G
               +--------+--------+--------+--------+--------+-----+--------+
         Total |   8457 |   7813 |    644 |      4 |   6542 |  10 |  845.7 |
       Dungeon |   7218 |   6587 |    631 |      0 |   5623 |   8 |  902.2 |
        Temple |     58 |     45 |     13 |      0 |     38 |   1 |   58.0 |
        Bailey |   1180 |   1180 |      0 |      4 |    881 |   1 | 1180.0 |
               +--------+--------+--------+--------+--------+-----+--------+

Top non-repeatable levels by time:
     D:2: 1567 daAuts
  Bailey: 1180 daAuts
     D:1: 1121 daAuts
     D:5: 1025 daAuts
     D:4: 892 daAuts
     D:3: 891 daAuts
     D:7: 828 daAuts
     D:6: 787 daAuts
     D:8: 104 daAuts
  Temple: 58 daAuts
